 Dungeon Crawl Stone Soup version 0.17-a0-124-gc3c9679 (webtiles) character file.

58 Timpie the Skirmisher (level 4, -4/43 HPs)
             Began as a Gargoyle Berserker on Mar 22, 2015.
             Was a Believer of Trog.
             Slain by Crazy Yiuf
             ... wielding a +2 quarterstaff of chaos
              (5 damage)
             ... on level 2 of the Dungeon.
             The game lasted 00:05:46 (899 turns).

Timpie the Skirmisher (Gargoyle Berserker)           Turns: 899, Time: 00:05:46

Health: -4/43      AC:  6    Str: 27    XL:     4   Next: 1%
Magic:  0/4        EV: 12    Int:  7    God:    Trog [**....]
Gold:   85         SH:  0    Dex:  9    Spells: 0 memorised, 3 levels left

rFire  . . .     SeeInvis .     a - +0 mace
rCold  + . .     Clarity  .     b - +0 animal skin
rNeg   + . .     SustAb   .     (no shield)
rPois  ∞         Gourm    .     (no helmet)
rElec  +         Spirit   .     k - +0 cloak
rCorr  .         Warding  .     (no gloves)
rMut   .         Stasis   .     (no boots)
MR     .....                    (no amulet)
Stlth  ..........               (no ring)
                                l - ring of protection from cold

@: berserking, very quick, not resistant to hostile enchantments, extremely
unstealthy
A: negative energy resistance 1, electricity resistance, unbreathing,
petrification resistance, rot immunity, AC +3
a: Burn Spellbooks, Berserk, Trog's Hand, Renounce Religion


You were on level 2 of the Dungeon.
You worshipped Trog.
Trog was pleased with you.
You were not hungry.

You visited 1 branch of the dungeon, and saw 2 of its levels.

You collected 85 gold pieces.

Inventory:

Hand weapons
 a - a +0 mace (weapon)
Armour
 b - a +0 animal skin (worn)
 k - a +0 cloak (worn)
Jewellery
 l - a ring of protection from cold (left hand)
Scrolls
 e - 3 scrolls of identify {unknown}
 h - 3 scrolls of amnesia {unknown}
 n - a scroll of immolation {unknown}
 o - a scroll of teleportation {unknown}
Potions
 d - 2 potions of degeneration {unknown}
 f - a potion of heal wounds {unknown}
 g - 2 potions of magic {unknown}
 i - a potion of cure mutation {unknown}
 p - a potion of flight {unknown}
Comestibles
 c - 2 bread rations
 j - 3 meat rations
 m - a beef jerky


   Skills:
 + Level 4.1 Fighting
 + Level 3.8 Maces & Flails
 + Level 2.3 Armour
 + Level 1.9 Dodging


You had 3 spell levels left.
You didn't know any spells.

Dungeon Overview and Level Annotations

Branches:
Dungeon (2/15)

Altars:
Okawaru

Annotations:
D:2 Crazy Yiuf


Innate Abilities, Weirdness & Mutations

You are resistant to torment.
You are immune to poison.
Your stone body is very resilient (AC +3).
You resist negative energy.
You are resistant to electric shocks.
You can survive without breathing.
You are immune to petrification.
You are immune to rotting.


Message History

Crazy Yiuf misses you.
You hit Crazy Yiuf but do no damage.
Crazy Yiuf is heavily wounded.
Crazy Yiuf hits you with a quarterstaff of chaos!
* * * LOW HITPOINT WARNING * * *
Crazy Yiuf freezes you.
* * * LOW HITPOINT WARNING * * *
Use which ability? (? or * to list)
A red film seems to cover your vision as you go berserk!
You feel yourself moving faster!
You feel mighty!
You feel somewhat more hungry.
Crazy Yiuf hits you with a quarterstaff of chaos!
* * * LOW HITPOINT WARNING * * *
You feel your power leaking away.
You barely miss Crazy Yiuf.
Crazy Yiuf is heavily wounded.
You closely miss Crazy Yiuf.
Crazy Yiuf is heavily wounded.
Crazy Yiuf hits you with a quarterstaff of chaos.
You die...

#))))# #..#
##))## ##.#
♣)))♣ ###.#
♣)).♣ #...#
♣♣.♣♣ #####
♣♣.♣ ♣.♣♣
########## ♣♣.♣
#(.......# ♣@♣♣
#.######## #g#
#.# ... #.#
#...# #.# ###
#)..# #.#
##.### #####
#.###.#..#
###.##.###.####
......## ##.<.#


You could see Crazy Yiuf.

Vanquished Creatures
  A gnoll (D:1)
  A giant mite (D:1)
  3 giant geckos (D:1)
  3 giant cockroaches
  6 goblins
  3 hobgoblins
  4 jackals (D:1)
  3 kobolds
  2 ball pythons
  4 bats
  2 giant newts (D:2)
  2 rats
34 creatures vanquished.

Notes
Turn   | Place    | Note
--------------------------------------------------------------
     0 | D:1      | Timpie, the Gargoyle Berserker, began the quest for the Orb.
     0 | D:1      | Reached XP level 1. HP: 14/14 MP: 1/1
    62 | D:1      | Reached XP level 2. HP: 14/19 MP: 2/2
   270 | D:1      | Reached XP level 3. HP: 22/24 MP: 3/3
   312 | D:1      | Reached skill level 4 in Fighting
   456 | D:1      | Acquired Trog's second power
   810 | D:2      | Found an iron altar of Okawaru.
   877 | D:2      | Reached XP level 4. HP: 29/29 MP: 4/4
   889 | D:2      | Noticed Crazy Yiuf
   897 | D:2      | HP: 1/43 [Crazy Yiuf/quarterstaff of chaos (8)]
   899 | D:2      | Slain by Crazy Yiuf

Action                   |  1- 3 |  4- 6 || total
-------------------------+-------+-------++-------
Melee: Mace              |   108 |     7 ||   115
Invok: Berserk           |       |     1 ||     1
